 Dungeon Crawl Stone Soup version 0.29.1-1-gd02db6906a (webtiles) character file.

Game seed: 3754227383036231686

16 LabCoat the Trooper (level 2, 0/27 HPs)
             Began as a Hill Orc Fighter on Sept 18, 2022.
             Succumbed to a kobold's poison
             ... on level 1 of the Dungeon.
             The game lasted 00:01:24 (369 turns).

LabCoat the Trooper (Hill Orc Fighter)               Turns: 369, Time: 00:01:25

Health: 0/27       AC:  6    Str: 18    XL:     2   Next: 58%
Magic:  2/2        EV:  9    Int:  8    God:
Gold:   48         SH:  4    Dex: 10    Spells: 1/1 levels left

rFire   . . .      SeeInvis .   a - +0 war axe
rCold   . . .      Faith    .   c - +0 buckler
rNeg    . . .      Spirit   .   b - +0 scale mail
rPois   .          Reflect  .   (no helmet)
rElec   .          Harm     .   (no cloak)
rCorr   .          Rampage  .   (no gloves)
Will    .....                   (no boots)
Stlth   ..........              (no amulet)
HPRegen 0.09/turn               (no ring)
MPRegen 0.08/turn               (no ring)

@: brilliant, lethally poisoned (0 -> -5)
A: no striking features
a: no special abilities


You were on level 1 of the Dungeon.
You visited 1 branch of the dungeon, and saw 1 of its levels.

You collected 48 gold pieces.

Inventory:

Hand Weapons
 a - a +0 war axe (weapon)
Armour
 b - a +0 scale mail (worn)
 c - a +0 buckler (worn)
Potions
 d - a potion of might
 e - a potion of brilliance


   Skills:
 + Level 3.7 Fighting
 * Level 3.3 Axes
 + Level 0.3 Throwing
 + Level 3.4 Armour
 + Level 3.4 Shields
 + Level 0.5 Evocations


You had one spell level left.
You didn't know any spells.
Your spell library was empty.

Dungeon Overview and Level Annotations

Branches:
Dungeon (1/15)

Altars:


Message History

You block the hobgoblin's attack. The kobold closely misses you.
You closely miss the hobgoblin.
The hobgoblin is almost dead.
You hit the kobold but do no damage.
You feel very sick. The kobold hits you but does no damage.
You are more poisoned.
The hobgoblin hits you. The hobgoblin barely misses you.
You block the kobold's attack.
You hit the kobold but do no damage.
The kobold is moderately wounded.
You closely miss the hobgoblin.
You feel very sick. The hobgoblin closely misses you.
The kobold hits you but does no damage.
Unknown command.
You barely miss the kobold.
The kobold is moderately wounded.
You barely miss the hobgoblin.
You feel sick. The hobgoblin closely misses you.
The kobold hits you with a +0 whip of venom.
* * * LOW HITPOINT WARNING * * *
The hobgoblin attacks as you move away! The hobgoblin completely misses you.
You feel sick.
There is an open door here.
The kobold attacks as you move away! The kobold hits you but does no damage.
You are lethally poisoned!
* * * LOW HITPOINT WARNING * * *
You feel sick.
You hit the hobgoblin.
You kill the hobgoblin!
* * * LOW HITPOINT WARNING * * *
You feel very sick. The kobold closely misses you.
It was a potion of brilliance.
You feel clever all of a sudden.
* * * LOW HITPOINT WARNING * * *
You feel sick. The kobold closely misses you.
Okay, then.
You hit the kobold.
The kobold is severely wounded.
You die...

#..........
#..........
#.........
#........#
#........#
#......).#
#........#
#######K##
#@# #.###
..# #...##
#.# ###..##
#.# ##..##
#.# ##..##
#.#
######..#
#.#
#.......###
#.##
#.........#
#..#


You could see a kobold.

Vanquished Creatures
  A dart slug (D:1)
  A giant cockroach (D:1)
  4 goblins (D:1)
  3 hobgoblins (D:1)
  2 bats (D:1)
  2 kobolds (D:1)
13 creatures vanquished.

Notes
Turn   | Place    | Note
-------+----------+-------------------------------------------
     0 | D:1      | LabCoat the Hill Orc Fighter began the quest for the Orb.
     0 | D:1      | Reached XP level 1. HP: 19/19 MP: 1/1
   136 | D:1      | Reached XP level 2. HP: 22/27 MP: 2/2
   299 | D:1      | Found a faded altar of an unknown god.
   368 | D:1      | HP: 1/27 [poisoned by a kobold]
   369 | D:1      | Succumbed to a kobold's poison

Illustrated notes

Levels and vault maps discovered:
D:1:      dpeg_arrival_solitude, layout_basic, chequers_ecumenical_altar_grove

Skill      XL: |  1 |
---------------+----+-----
Axes           | 3 |  3.3
Fighting       | |  3.7
Throwing       | |  0.3
Armour         | |  3.4
Shields        | |  3.4
Evocations     | |  0.5

Action                   || total
-------------------------++-------
Melee: War axe           ||    36
  Use: Potion            ||     1
Armor: Scale mail        ||    19
Dodge: Dodged            ||    16
Block: Buckler           ||     7
